 Dungeon Crawl Stone Soup version 0.19-a0-1932-g59670f6 (webtiles) character file.

8259 varam the Grappler (level 11, -6/101 HPs)
             Began as a Troll Monk on Oct 25, 2016.
             Was an Elder of Okawaru.
             Mangled by a seven-headed hydra (13 damage)
             ... on level 1 of the Lair of Beasts.
             The game lasted 00:33:42 (8746 turns).

varam the Grappler (Troll Monk)                     Turns: 8746, Time: 00:33:43

Health: -6/101     AC:  8    Str: 21    XL:     11   Next: 7%
Magic:  10/12      EV: 15    Int:  6    God:    Okawaru [****..]
Gold:   540        SH: 18    Dex: 12    Spells: 1 memorised, 8 levels left

rFire  . . .     SeeInvis +       - Unarmed
rCold  . . .     Gourm    +     M - +2 robe {MR+}
rNeg   . . .     Faith    .     j - +0 shield
rPois  +         Spirit   .     (helmet restricted)
rElec  +         Reflect  +     o - +0 cloak
rCorr  .         Harm     .     (gloves unavailable)
MR     ++...                    (boots unavailable)
Stlth  +++.......               i - +6 amulet of reflection
                                a - ring of protection from magic
                                V - ring "Qennopops" {rElec rPois Dex-3 SInv} (curse)

@: heroism
A: unfitting armour, claws 3, fast metabolism 3, gourmand, regeneration 1,
shaggy fur 1, tough skin 2
a: Heroism, Renounce Religion


You were on level 1 of the Lair of Beasts.
You worshipped Okawaru.
Okawaru was greatly pleased with you.
You were very full.

You visited 3 branches of the dungeon, and saw 13 of its levels.

You collected 540 gold pieces.

Inventory:

Missiles
 C - a tomahawk (quivered)
 T - 4 silver tomahawks
Armour
 j - a +0 shield (worn)
 o - a +0 cloak (worn)
 M - a +2 robe of magic resistance (worn)
Jewellery
 a - a ring of protection from magic (right claw)
 i - a +6 amulet of reflection (around neck)
 l - an uncursed ring of flight
 N - an uncursed ring of protection from fire
 V - the cursed ring "Qennopops" (left claw) {rElec rPois Dex-3 SInv}
   (You took it off an orc on level 8 of the Dungeon)

   [ring of dexterity]

   It affects your dexterity (-3).
   It insulates you from electricity.
   It protects you from poison.
   It lets you see invisible.
   It has a curse placed upon it.
 W - an uncursed ring of protection from cold
 Y - an uncursed ring of ice
Wands
 y - a wand of disintegration (11/24)
 I - a wand of flame (26/48)
 K - a wand of digging (10/24)
 O - a wand of flame (13/48)
 U - a wand of digging (11/24)
Scrolls
 e - 3 scrolls of remove curse {@r2}
 m - a scroll of acquirement {unknown}
 n - 2 scrolls of blinking {unknown}
 p - 3 scrolls of amnesia
 q - a scroll of enchant weapon {unknown}
 s - a scroll of enchant armour
 t - 4 scrolls of teleportation
 v - 2 scrolls of immolation {unknown}
 x - a scroll of magic mapping {unknown}
 A - a scroll of recharging {unknown}
 D - 2 scrolls of noise {unknown}
 H - a scroll of random uselessness {unknown}
 L - a scroll of identify {@r1}
 R - 2 scrolls of summoning {unknown}
 Z - a scroll of fog {unknown}
Potions
 c - 2 potions of curing {@q1}
 h - 2 potions of might
 r - 2 potions of flight
 u - 2 potions of ambrosia {unknown}
 w - a potion of cure mutation {unknown}
 z - a potion of lignification {unknown}
 B - a potion of cancellation {unknown}
 E - a potion of degeneration {unknown}
 P - 2 potions of brilliance
 Q - a potion of resistance {unknown}
Books
 G - a book of Changes

   Spells                             Type                      Level
   a - Beastly Appendage              Transmutation                1
   b - Sticks to Snakes               Transmutation                2
   c - Spider Form                    Transmutation/Poison         3
   d - Ice Form                       Ice/Transmutation            4
   e - Blade Hands                    Transmutation                5
 J - a book of Minor Magic

   Spells                             Type                      Level
   a - Magic Dart                     Conjuration                  1
   b - Blink                          Translocation                2
   c - Call Imp                       Summoning                    2
   d - Repel Missiles                 Charms/Air                   2
   e - Slow                           Hexes                        2
   f - Conjure Flame                  Conjuration/Fire             3
   g - Mephitic Cloud                 Conjuration/Poison/Air       3
 S - a book of Debilitation

   Spells                             Type                      Level
   a - Corona                         Hexes                        1
   b - Slow                           Hexes                        2
   c - Gell's Gravitas                Hexes/Translocation          3
   d - Inner Flame                    Hexes/Fire                   3
   e - Cause Fear                     Hexes                        4
   f - Leda's Liquefaction            Hexes/Earth                  4
Miscellaneous
 X - a box of beasts
Comestibles
 b - 7 bread rations
 d - 9 royal jellies
 f - 8 beef jerkies
 g - 4 meat rations
 k - 7 fruits
 F - 3 slices of pizza


   Skills:
 + Level 4.8(9.8) Fighting
 - Level 3.1(8.1) Throwing
 - Level 5.0(10.0) Dodging
 - Level 1.0(6.0) Stealth
 + Level 8.3(13.3) Shields
 * Level 11.2(16.2) Unarmed Combat
 - Level 3.0 Invocations


You had 8 spell levels left.
You knew the following spells:

 Your Spells              Type           Power        Failure   Level  Hunger
a - Blink                 Tloc           N/A          77%         2    ###....


Dungeon Overview and Level Annotations

Branches:
Dungeon (10/15)            Temple (1/1) D:4            Lair (2/6) D:8
  Swamp: Lair:2-4    Shoals: Lair:2-4     Snake: Lair:2-4    Spider: Lair:2-4
    Orc: D:9-12

Altars:
Ashenzari
Cheibriados
Dithmenos
Elyvilon
Fedhas
Gozag
Hepliaklqana
Kikubaaqudgha
Makhleb
Nemelex Xobeh
Okawaru
Qazlal
Ru
Sif Muna
Trog
Uskayaw
Vehumet
Xom
Yredelemnul
Zin
The Shining One

Annotations:
D:10 Daviar's ghost, journeyman DsFi


Innate Abilities, Weirdness & Mutations

You are too large for most types of armour.
You have claws for hands.
Your metabolism is lightning-fast.
You like to eat raw meat.
Your natural rate of healing is unusually fast.
You are covered in fur. (AC +1)
You have very tough skin. (AC +2)


Message History

Aim: a six-headed hydra (heavily wounded)
You throw a tomahawk. The tomahawk hits the six-headed hydra.
The six-headed hydra is heavily wounded.
The six-headed hydra bites you!
* * * LOW HITPOINT WARNING * * *
You block the six-headed hydra's attack.
The six-headed hydra barely misses you.
You block the six-headed hydra's attack.
The six-headed hydra bites you but does no damage. x2
You claw one of the six-headed hydra's heads off!
The five-headed hydra grows two more!
You mangle the seven-headed hydra!!
The seven-headed hydra is severely wounded.
You block the seven-headed hydra's attack.
The seven-headed hydra bites you!!
* * * LOW HITPOINT WARNING * * *
The seven-headed hydra closely misses you.
The seven-headed hydra bites you.
* * * LOW HITPOINT WARNING * * *
The seven-headed hydra bites you!
You die...

..# #P.# ..# ##.P
..# #.# S.# #..
###### ..# ##.#
#.##.##..######.<#
#......#.........#
#...>......P######
#@#.#.#!.#..#
#D#.##.....# #.#.#
#....... #(#.#
..#...# #.#.#
.....l# #...#
.....##
#.#......#...
..#...... ##..
..###


You could see a seven-headed hydra.

Vanquished Creatures
  Pikel (D:4)
  A deep elf mage (D:7)
  An ugly thing (D:9)
  Joseph (D:8)
  3 hornets (D:9)
  Grinder (D:3)
  A hippogriff (D:7)
  A shadow (D:9)
  Sigmund (D:5)
  A hungry ghost (D:7)
  A soldier ant (D:9)
  3 wargs (D:8)
  3 water moccasins
  2 orc warriors
  A porcupine (Lair:2)
  2 sky beasts (D:8)
  An ogre (D:9)
  5 ice beasts
  2 black bears
  4 phantoms
  3 wolves (Lair:2)
  A necrophage (D:8)
  2 centaurs
  A big kobold (D:8)
  Blork the orc (D:4)
  4 bullfrogs
  A scorpion (D:5)
  10 killer bees (D:8)
  3 wights (D:7)
  2 howler monkeys
  3 crimson imps
  Crazy Yiuf (D:4)
  A quasit (D:8)
  2 jellies
  5 orc priests
  A hound (D:6)
  A bullfrog skeleton (D:4)
  13 orc wizards
  A centaur skeleton (D:6)
  A gnoll shaman (D:7)
  Terence (D:3)
  6 worker ants
  An iguana (D:7)
  A killer bee zombie (D:9)
  2 hound skeletons
  A hound zombie (D:7)
  A howler monkey zombie (D:5)
  2 worker ant zombies
  11 gnolls
  9 adders
  2 shadow imps (D:6)
  2 oozes (D:3)
  2 adder zombies
  2 worms
  7 leopard geckos
  17 orcs
  2 ball pythons
  3 bats
  10 giant cockroaches
  2 gnoll zombies (D:4)
  10 goblins
  7 hobgoblins
  16 jackals
  4 quokkas
  4 frilled lizards
  3 kobolds
  11 rats
232 creatures vanquished.

Notes
Turn   | Place    | Note
-------+----------+-------------------------------------------
     0 | D:1      | varam the Troll Monk began the quest for the Orb.
     0 | D:1      | Reached XP level 1. HP: 22/22 MP: 0/0
   181 | D:1      | Reached XP level 2. HP: 29/29 MP: 1/1
   419 | D:1      | Reached skill level 4 in Unarmed Combat
   980 | D:2      | Reached XP level 3. HP: 35/36 MP: 2/2
  1354 | D:3      | Noticed Terence
  1364 | D:3      | Killed Terence
  1364 | D:3      | Reached skill level 1 in Shields
  1364 | D:3      | Reached XP level 4. HP: 44/44 MP: 3/3
  1735 | D:2      | Found a bloodstained altar of Trog.
  2048 | D:2      | Reached XP level 5. HP: 15/50 MP: 4/4
  2323 | D:3      | Reached skill level 5 in Unarmed Combat
  2348 | D:3      | Noticed Grinder
  2357 | D:3      | Paralysed by Grinder for 6 turns
  2368 | D:3      | Killed Grinder
  2368 | D:3      | Reached XP level 6. HP: 12/59 MP: 5/5
  2514 | D:3      | Reached skill level 6 in Unarmed Combat
  2651 | D:4      | Noticed Pikel
  2651 | D:4      | Noticed a slave
  2651 | D:4      | Noticed a slave
  2651 | D:4      | Noticed a slave
  2651 | D:4      | Noticed a slave
  2792 | D:4      | Found a snail-covered altar of Cheibriados.
  2797 | D:4      | Found a blossoming altar of Fedhas.
  2797 | D:4      | Found a hazy altar of Hepliaklqana.
  2797 | D:4      | Found a radiant altar of Vehumet.
  2802 | D:4      | Found a hide-covered altar of Uskayaw.
  2834 | D:4      | Found a runed door.
  2927 | D:4      | Noticed Blork the orc
  2930 | D:5      | Entered Level 5 of the Dungeon
  3094 | D:6      | Noticed an ice beast
  3226 | D:6      | Reached XP level 7. HP: 63/66 MP: 6/6
  3434 | D:7      | Found a glowing golden altar of the Shining One.
  3465 | D:7      | Noticed a hungry ghost
  3508 | D:7      | Killed a hungry ghost
  3508 | D:7      | Reached skill level 7 in Unarmed Combat
  3598 | D:7      | Reached XP level 8. HP: 54/74 MP: 7/7
  3654 | D:6      | Reached skill level 5 in Shields
  3975 | D:5      | Reached skill level 8 in Unarmed Combat
  4044 | D:5      | Noticed Sigmund
  4127 | D:7      | Noticed a hippogriff
  4137 | D:7      | Killed a hippogriff
  4144 | D:7      | Found a shattered altar of Ashenzari.
  4144 | D:7      | Noticed a deep elf mage
  4148 | D:7      | Killed a deep elf mage
  4148 | D:7      | Reached skill level 9 in Unarmed Combat
  4417 | D:5      | Learned a level 2 spell: Blink
  4489 | D:5      | Reached XP level 9. HP: 80/80 MP: 8/8
  4535 | D:4      | Killed Pikel
  4626 | D:4      | Killed Blork the orc
  4803 | D:4      | Found a staircase to the Ecumenical Temple.
  4807 | Temple   | Entered the Ecumenical Temple
  4848 | Temple   | Became a worshipper of Warmaster Okawaru
  4848 | Temple   | Reached * piety under Okawaru
  4848 | Temple   | Reached ** piety under Okawaru
  5001 | D:4      | Found a basalt altar of Yredelemnul.
  5109 | D:4      | Noticed Crazy Yiuf
  5113 | D:4      | Killed Crazy Yiuf
  5403 | D:5      | Killed Sigmund
  5423 | D:5      | Reached skill level 1 in Throwing
  5458 | D:5      | Found a deep blue altar of Sif Muna.
  5751 | D:7      | Reached skill level 1 in Invocations
  6166 | D:8      | Reached skill level 10 in Unarmed Combat
  6223 | D:8      | Reached XP level 10. HP: 86/91 MP: 8/10
  6351 | D:8      | Got a transparent brass ring
  6438 | D:8      | Reached *** piety under Okawaru
  6461 | D:8      | Found a staircase to the Lair.
  6502 | D:8      | Identified the cursed ring "Qennopops" {rElec rPois Dex-3 SInv} (You took it off an orc on level 8 of the Dungeon)
  7001 | D:8      | Noticed Joseph
  7024 | D:8      | Killed Joseph
  7098 | D:8      | Found a sacrificial altar of Ru.
  7406 | D:9      | Received a gift from Okawaru
  7465 | D:9      | Noticed a purple ugly thing
  7484 | D:9      | Killed a purple ugly thing
  7508 | D:9      | Reached **** piety under Okawaru
  7686 | D:9      | Paralysed by a hornet for 3 turns
  7696 | D:9      | Reached skill level 11 in Unarmed Combat
  7838 | D:8      | Noticed a rust devil
  7838 | D:8      | Noticed a rust devil
  8319 | D:10     | Entered Level 10 of the Dungeon
  8323 | D:10     | Reached skill level 5 in Dodging
  8392 | D:10     | Noticed Daviar's ghost (journeyman DsFi)
  8494 | Lair:1   | Entered Level 1 of the Lair of Beasts
  8553 | Lair:1   | Reached XP level 11. HP: 101/101 MP: 12/12
  8570 | Lair:1   | Noticed a five-headed hydra
  8733 | Lair:1   | Noticed a six-headed hydra
  8746 | Lair:1   | Mangled by a seven-headed hydra

Vault maps used:
D:1:      grunt_arrival_lava_bath
D:2:      minmay_wonky_spiral, first_bread, trog_hazing_becter
D:3:      serial_glass, glass_columns_b, glass_columns_a, glass_columns_b,
          glass_columns_b, glass_columns_a, glass_columns_b, glass_columns_a,
          glass_columns_a, uniq_terence, uniq_grinder
D:4:      minitemple, lemuel_zombie_altar_yredelemnul, uniq_pikel,
          uniq_blork_the_orc, uniq_crazy_yiuf_cottage
D:5:      led_sif_book, uniq_sigmund
D:6:      grunt_ministairs_3
D:7:      kennysheep_mini_moat, serial_bayou_pond_e, david_defended_altar_elf
D:8:      cheibrodos_iron_armory, nicolae_ru_great_annihilating_truth,
          erik_lair_orcish_takeover, uniq_joseph
D:9:      hangedman_pestilent_swarm, minmay_radiant
D:10:     uniq_snorg, uniq_harold
Temple:   minmay_temple_bridge_abc
Lair:1:   uniq_erica
Lair:2:   minmay_snake_entry_guardpost_medium

Skill      XL: |  1  2  3  4  5  6  7  8  9 10 |
---------------+-------------------------------+-----
Unarmed Combat | 4 5 6 7 9 10 11 | 11.2
Shields        | 1 2 3 4 6 7 8 |  8.3
Throwing       | 2 3 |  3.1
Invocations    | 2 3 |  3.0
Dodging        | 3 5 |  5.0
Fighting       | 3 4 |  4.8
Stealth        | |  1.0

Action                   |  1- 3 |  4- 6 |  7- 9 | 10-12 || total
-------------------------+-------+-------+-------+-------++-------
Melee: Unarmed           |    81 |   126 |   283 |   264 ||   754
       Punch             |       |     1 |     4 |       ||     5
Throw: Stone             |     1 |       |     4 |     4 ||     9
       Tomahawk          |       |       |       |    16 ||    16
       Throwing net      |       |       |       |     1 ||     1
Invok: Heroism           |       |       |     5 |     7 ||    12
  Use: Scroll            |     1 |     7 |       |     3 ||    11
       Potion            |       |       |       |     2 ||     2
 Stab: Sleeping          |     4 |     2 |     4 |     1 ||    11
  Eat: Chunk             |    18 |     8 |    42 |    22 ||    90
Armor: Robe              |    38 |     9 |    16 |    43 ||   106
       Animal skin       |       |    17 |    33 |       ||    50
Dodge: Dodged            |    39 |    30 |    61 |    54 ||   184
Block: Shield            |    29 |    47 |   120 |   191 ||   387
       Reflection        |     1 |     6 |     2 |     5 ||    14
       Other             |       |    13 |    19 |       ||    32
